Map: Polka LE

Players

Rafus

  • Race: Terran Terran
  • League: Platinum
  • Spawn Location: 5:00

DarKFMACROSS

  • Race: Zerg Zerg
  • Spawn Location: 5:00

qqq

  • Race: Zerg Zerg
  • Spawn Location: 11:00

Massa

  • Race: Terran Terran
  • League: Platinum
  • Spawn Location: 11:00

VOD

Have the link to the VOD?

Description

Time

  • Played on: Nov. 8, 2020, 8:04 a.m.
  • Length: 36:17
Show
View Real Time Build Order
Export as new Build Order

Rafus Terran 

Build Orders:  

Get SALT Encoding   

  12  0:01  SCV  
  13  0:23  SCV  
  13  0:27  Refinery  
  14  0:30  Supply Depot  
  14  0:36  SCV  
  15  0:52  SCV  
  16  0:59  Barracks  
  17  1:04  SCV  
  17  1:18  SCV  
  18  1:32  SCV  
  19  1:50  SCV  
  19  2:02  SCV  
  20  2:08  Barracks Reactor, Barracks  
  20  2:21  Orbital Command  
  20  2:22  Refinery  
  20  2:24  Command Center  
  20  2:49  SCV  
  20  2:50  Marine x2  
  23  2:58  Engineering Bay  
  23  3:05  Factory  
  23  3:20  Barracks  
  23  3:31  Missile Turret  
  23  3:36  SCV, Marine x2  
  23  3:39  Missile Turret  
  23  3:40  Orbital Command  
  27  3:48  SCV  
  27  3:51  Marine  
  27  3:53  Marine x2  
  23  4:18  SCV  
  23  4:19  SCV  
  20  4:30  SCV  
  21  4:31  SCV  
  21  4:35  Barracks Reactor  
  22  4:42  SCV  
  23  4:56  Marine x2  
  23  4:57  Marine  
  26  5:10  Engineering Bay  
  26  5:13  SCV x2  
  28  5:16  Factory Reactor  
  28  5:21  Starport  
  28  5:30  Bunker  
  28  5:33  Missile Turret  
  28  5:34  Terran Infantry Weapons Level 1  
  29  5:42  SCV  
  29  5:43  SCV  
  29  5:47  Marine x5  
  34  5:55  SCV x2  
  36  5:58  Barracks  
  36  6:02  Refinery  
  36  6:03  Refinery  
  36  6:07  SCV x2, Supply Depot  
  38  6:20  SCV x2  
  40  6:30  Supply Depot  
  40  6:33  SCV x2  
  40  6:34  Widow Mine x2  
  46  6:45  SCV x2  
  48  6:50  Supply Depot  
  48  6:57  SCV x2, Barracks Tech Lab  
  48  6:59  Marine x2  
  48  7:00  Marine x2  
  54  7:01  Marine  
  55  7:09  SCV x2, Supply Depot  
  55  7:14  Terran Infantry Armor Level 1  
  57  7:18  Missile Turret  
  57  7:27  SCV x2  
  59  7:33  Supply Depot  
  59  7:39  SCV  
  59  7:40  Missile Turret  
  59  7:42  Marine  
  59  7:43  Marine x3  
  64  7:45  Marine  
  64  7:46  Marine  
  66  7:53  Missile Turret  
  66  7:56  Supply Depot  
  66  7:57  Hi-Sec Auto Tracking  
  66  7:59  SCV x2  
  66  8:05  Missile Turret  
  68  8:08  Command Center  
  68  8:11  SCV x2  
  70  8:13  Missile Turret  
  70  8:20  Stimpack  
  70  8:37  Missile Turret  
  70  8:45  Factory  
  70  8:56  Starport Reactor  
  70  8:59  Missile Turret  
  70  9:32  Missile Turret  
  70  9:42  Factory Tech Lab  
  70  9:54  Missile Turret  
  70  9:57  Factory  
  70  10:00  Orbital Command  
  70  10:05  SCV x2  
  72  10:14  Missile Turret  
  72  10:17  SCV  
  72  10:18  SCV  
  74  10:24  Marine x6  
  74  10:27  Combat Shield  
  80  10:30  SCV x2  
  82  10:39  Missile Turret  
  82  10:42  SCV x2, Marine x5  
  89  10:43  Starport  
  89  11:11  Refinery  
  89  11:14  Refinery  
  89  11:16  Missile Turret  
  89  11:20  Marine x2  
  89  11:21  Marine x4  
  89  11:23  Siege Tank  
  102  11:25  Widow Mine  
  102  11:26  Widow Mine  
  102  11:30  Factory Tech Lab  
  102  11:33  Starport Tech Lab  
  102  11:35  Medivac x2  
  102  11:36  Missile Turret  
  106  11:48  Concussive Shells  
  106  11:49  Marauder  
  108  11:57  Missile Turret  
  108  12:12  Supply Depot  
  108  12:18  Missile Turret  
  108  12:27  Medivac, Siege Tank  
  108  12:28  Widow Mine x2, Neosteel Armor, Medivac  
  119  12:35  Supply Depot  
  119  12:37  Armory  
  119  12:56  Missile Turret  
  119  12:59  Supply Depot  
  110  13:22  Supply Depot  
  107  13:45  Missile Turret, Supply Depot  
  107  13:54  Siege Tank x2  
  113  13:56  Hellbat x2  
  113  13:58  Marine x6  
  123  14:04  Viking x3  
  123  14:05  Missile Turret  
  129  14:11  Supply Depot  
  129  14:15  Starport  
  129  14:16  Marine x6  
  135  14:17  Terran Infantry Weapons Level 2, Hellbat x2  
  135  14:20  Terran Infantry Armor Level 2  
  135  14:21  Terran Vehicle Weapons Level 1  
  139  14:26  Missile Turret, Siege Tank x2  
  145  14:33  Marine  
  145  14:34  Marine x5, Viking x3, Supply Depot  
  157  14:47  Missile Turret  
  157  14:51  Starport, Marine  
  157  14:52  Marine x5  
  163  14:59  Supply Depot  
  142  15:04  Viking x2  
  122  15:09  Marine x2  
  122  15:10  Marine x2  
  122  15:12  Siege Tank x2  
  132  15:17  Marine x2  
  134  15:22  Supply Depot  
  134  15:27  Marine x4  
  138  15:28  Starport Reactor  
  138  15:29  Factory  
  138  15:32  Starport Tech Lab  
  138  15:35  Marine x2  
  140  15:44  Siege Tank  
  140  15:45  Marine x4, Siege Tank  
  150  15:53  Marine x2  
  144  16:02  Marine  
  144  16:03  Marine x3  
  148  16:06  Hellbat  
  148  16:07  Hellbat  
  148  16:10  Marine  
  148  16:11  Marine  
  153  16:17  Siege Tank x2  
  160  16:20  Marine  
  160  16:21  Factory Tech Lab, Marine x3  
  163  16:28  Marine, Hellbat x2  
  163  16:29  Marine  
  169  16:44  SCV  
  169  16:46  SCV x2  
  172  16:49  Siege Tank x2  
  178  16:56  SCV  
  178  16:58  SCV  
  179  17:08  SCV  
  169  17:20  SCV  
  169  17:21  Siege Tank x2  
  176  17:25  Siege Tank  
  161  17:32  SCV  
  116  17:53  Siege Tank x2  
  116  17:57  Siege Tank  
  112  18:08  Marauder  
  114  18:22  Barracks  
  114  18:25  Siege Tank x2  
  120  18:29  Siege Tank  
  120  18:30  Marauder  
  125  18:45  Command Center  
  125  18:51  Marauder  
  127  18:57  Siege Tank  
  130  19:09  Barracks  
  130  19:12  Marine  
  130  19:15  Barracks Reactor  
  131  19:18  Terran Infantry Armor Level 3  
  131  19:19  Terran Vehicle Weapons Level 2  
  131  19:21  Terran Infantry Weapons Level 3  
  131  19:30  Marine  
  122  20:29  Marine  
  122  20:30  Marine  
  124  20:42  Barracks  
  124  20:47  Marine x2  
  124  20:48  Command Center  
  126  21:05  Marine x2  
  128  21:13  Barracks Reactor  
  128  21:21  Viking x2  
  128  21:22  Medivac  
  128  21:23  Viking, Medivac  
  138  21:26  Siege Tank x3  
  138  21:32  Barracks  
  147  21:37  Command Center  
  146  21:51  Viking x2  
  150  21:58  Siege Tank x2  
  150  21:59  Barracks Tech Lab  
  156  22:21  Barracks  
  123  22:43  Marine x6  
  115  23:01  Marine x6  
  100  23:18  Marine  
  100  23:19  Marine x5  
  83  23:36  Marine  
  83  23:37  Marine x5  
  89  23:42  Refinery  
  89  23:47  Siege Tank x3  
  98  23:50  Viking x2  
  98  23:54  Marine x3  
  98  23:55  Marine x3  
  108  24:05  Orbital Command  
  79  25:32  Marine  
  79  25:33  Marine x5  
  75  25:50  Marine x2  
  75  25:51  Marine x4  
  70  26:08  Marine x2  
  72  26:14  SCV  
  61  26:26  SCV  
  54  26:38  SCV  
  55  26:50  SCV  
  56  27:02  Marine  
  56  27:03  SCV, Marine x4  
  62  27:15  SCV  
  63  27:20  Marine  
  63  27:21  Marine x4  
  62  27:38  Marine x4  
  62  27:39  Marine  
  65  27:45  Orbital Command  
  65  27:56  Marine x5  
  70  28:14  SCV, Marine x5  
  76  28:26  SCV  
  77  28:31  Marine  
  77  28:32  Marine x4  
  82  28:36  Orbital Command  
  82  28:38  SCV  
  83  28:49  Marine  
  83  28:50  SCV, Marine x3  
  88  29:02  SCV  
  88  29:34  Refinery  
  88  29:36  Refinery  
  88  29:39  Command Center  
  88  29:43  SCV  
  89  29:46  SCV  
  90  29:55  SCV  
  91  30:07  SCV  
  73  30:23  Siege Tank x3  
  82  30:38  Medivac x2  
  86  30:48  SCV  
  87  31:01  SCV  
  36  31:47  Marine x3  
  36  31:48  Marine x2  
  41  31:58  SCV  
  42  32:05  Marine x5  
  47  32:10  SCV  
  46  32:23  Marine x2  
  45  32:46  Marine  
  45  32:47  Marine x4  
  45  32:49  Siege Tank x2  
  45  32:50  Siege Tank  
  59  32:52  Viking  
  59  32:56  SCV  
  62  33:00  Planetary Fortress  
  62  33:04  Marine x2  
  62  33:05  Marine  
  65  33:08  SCV  
  66  33:20  SCV  
  66  33:24  Siege Tank x2  
  66  33:25  Siege Tank  
  76  34:02  Marine  
  76  34:03  Marine x4  
  81  34:20  Marine  
  81  34:21  Marine x4  
  83  34:35  Viking x2  
  83  34:38  Marine  
  87  34:39  Marine x2  
  87  34:42  Marine x2  
  91  34:56  Marine x3  
  91  34:59  Marine  
  95  35:24  Siege Tank x2  
  95  35:28  Viking x2  
Show
View Real Time Build Order
Export as new Build Order

DarKFMACROSS Zerg 

Build Orders: Hatch First, Lurkers 

Get SALT Encoding   

  12  0:01  Drone  
  13  0:13  Overlord  
  13  0:18  Drone  
  14  0:33  Drone x2  
  16  0:36  Drone  
  17  0:57  Drone  
  17  0:58  Hatchery  
  17  1:17  Spawning Pool  
  16  1:19  Drone  
  16  1:20  Drone x2  
  16  1:24  Extractor  
  18  1:31  Drone  
  19  1:50  Overlord  
  19  2:08  Queen  
  21  2:09  Drone  
  21  2:11  Drone  
  23  2:35  Drone x3  
  26  2:41  Queen  
  28  2:44  Hatchery  
  28  2:46  Drone x3  
  30  2:52  Metabolic Boost  
  30  2:54  Drone  
  31  3:00  Drone x2  
  33  3:09  Overlord  
  33  3:10  Drone  
  34  3:26  Lair  
  34  3:27  Drone x2  
  36  3:28  Drone x3  
  36  3:32  Drone  
  40  3:40  Queen  
  42  3:41  Drone x2  
  44  3:50  Extractor  
  44  3:52  Zergling x2  
  44  3:53  Extractor, Overlord  
  43  4:04  Zergling x12  
  49  4:22  Zergling x2  
  49  4:23  Zergling x4  
  52  4:40  Overseer  
  52  4:56  Drone x4, Zergling x4  
  58  5:05  Extractor  
  57  5:16  Drone  
  58  5:28  Overlord  
  58  5:29  Overlord  
  58  5:46  Queen  
  58  5:48  Drone x3  
  58  5:49  Drone  
  64  5:50  Drone  
  64  5:51  Zergling x4  
  64  5:54  Drone  
  68  6:11  Hydralisk Den, Infestation Pit  
  66  6:15  Evolution Chamber  
  66  6:17  Drone, Evolution Chamber  
  66  6:18  Drone x3  
  67  6:21  Drone x2  
  70  6:35  Hatchery  
  69  6:47  Hydralisk x2  
  69  6:48  Overlord x3  
  73  6:56  Drone  
  74  7:03  Overlord x3  
  74  7:08  Hydralisk x2  
  74  7:09  Hydralisk x10  
  98  7:17  Grooved Spines  
  98  7:22  Hydralisk  
  98  7:23  Lurker Den  
  98  7:27  Drone x4  
  103  7:39  Hydralisk x2  
  103  7:40  Overlord x2  
  103  7:41  Overlord x2  
  107  7:53  Spore Crawler  
  107  7:55  Drone x3  
  109  8:02  Queen  
  109  8:05  Zerg Missile Weapons Level 1  
  111  8:07  Zerg Ground Armor Level 1  
  111  8:08  Overlord x2  
  111  8:19  Drone x3  
  114  8:25  Hive  
  114  8:29  Muscular Augments  
  114  8:42  Lurker  
  114  8:46  Drone x5  
  114  8:47  Drone  
  121  8:50  Drone x3  
  121  8:52  Extractor  
  121  8:55  Extractor  
  122  9:12  Hatchery  
  122  9:16  Hatchery  
  103  9:24  Hydralisk x5  
  103  9:25  Hydralisk x5  
  112  9:35  Queen  
  114  9:39  Lurker  
  115  9:49  Drone x5  
  115  9:50  Drone x9  
  115  9:51  Drone  
  130  10:00  Hydralisk x2  
  134  10:26  Zerg Ground Armor Level 2, Zerg Missile Weapons Level 2  
  134  10:31  Queen  
  134  10:35  Drone x8  
  144  10:55  Pneumatized Carapace, Burrow  
  144  10:58  Drone x7  
  144  10:59  Drone x2  
  153  11:22  Extractor  
  153  11:23  Extractor  
  150  11:47  Hatchery  
  150  11:54  Spore Crawler  
  148  12:05  Spore Crawler  
  148  12:07  Spore Crawler  
  146  12:13  Extractor x2  
  144  12:19  Hydralisk x3  
  144  12:20  Viper x2  
  144  12:21  Hydralisk x3, Viper x3  
  144  12:22  Hydralisk  
  173  12:23  Overlord x5  
  173  12:48  Seismic Spines  
  173  12:49  Adrenal Glands  
  173  12:51  Zerg Missile Weapons Level 3  
  173  13:43  Lurker x5  
  173  13:44  Lurker  
  173  13:45  Adaptive Talons  
  173  13:48  Hydralisk x10  
  199  14:05  Drone  
  200  14:29  Spore Crawler  
  200  14:31  Spore Crawler  
  180  14:43  Hydralisk x2  
  180  14:44  Hydralisk x9  
  149  15:56  Hydralisk x5  
  149  15:57  Hydralisk x3  
  101  16:03  Hydralisk x6, Lurker  
  101  16:04  Hydralisk x5  
  130  16:17  Drone x4, Hydralisk x2  
  138  16:37  Lurker x3  
  138  16:38  Hydralisk x5  
  138  16:39  Hydralisk x5, Viper x2  
  167  17:01  Extractor  
  166  17:07  Overseer x3  
  155  17:26  Hydralisk x2  
  155  17:27  Hydralisk x7  
  142  17:37  Hydralisk x6  
  142  17:38  Hydralisk x10  
  142  17:39  Hydralisk x2  
  178  17:49  Hydralisk x4  
  182  18:04  Lurker x2  
  158  18:33  Viper x4  
  158  18:34  Hydralisk x7  
  184  18:47  Viper  
  187  18:52  Drone x9  
  187  18:53  Drone x2  
  198  19:07  Hydralisk  
  200  19:27  Zerg Ground Armor Level 3  
  200  19:28  Zerg Melee Weapons Level 1  
  195  20:31  Spawning Pool  
  195  20:32  Hydralisk x3  
  186  21:49  Hydralisk x2  
  186  21:50  Hydralisk x5  
  193  22:14  Infestation Pit  
  185  22:18  Hydralisk Den  
  185  22:22  Lurker Den  
  179  22:50  Spawning Pool  
  174  23:23  Lurker x4  
  174  23:24  Lurker  
  175  23:35  Hydralisk x5  
  175  23:36  Hydralisk x7  
  194  23:41  Spine Crawler  
  194  23:42  Spine Crawler  
  187  23:52  Lair  
  163  24:23  Drone x4  
  163  24:24  Drone x6  
  164  25:01  Drone x7  
  164  25:39  Hydralisk x4  
  164  25:40  Hydralisk x8  
  164  25:42  Lurker x2  
  191  25:43  Lurker  
  158  26:27  Hydralisk x6  
  158  26:28  Hydralisk x3  
  143  26:56  Hydralisk  
  143  26:57  Hydralisk x6  
  157  27:20  Hatchery  
  131  27:33  Hydralisk x3  
  131  27:34  Hydralisk x6  
  149  27:57  Hive  
  147  28:20  Overseer  
  115  28:45  Lurker x3  
  111  28:59  Lurker x3  
  111  29:06  Hatchery  
  73  29:17  Hydralisk x3  
  73  29:18  Hydralisk x8  
  83  29:30  Hydralisk x3  
  88  29:31  Zergling x4  
  89  29:41  Hydralisk x2  
  92  30:02  Hydralisk x2  
  92  30:04  Zergling x8  
  56  30:34  Zergling x12  
  56  30:35  Zergling x12  
  62  30:48  Hydralisk  
  62  30:49  Hydralisk  
  67  30:50  Zergling x4  
  29  31:19  Zergling x10  
  29  31:20  Zergling x14  
  29  31:24  Extractor  
  31  31:40  Zergling x2  
  31  31:41  Hydralisk, Zergling x4  
  31  31:45  Overseer  
  36  31:51  Drone x4  
  40  31:56  Hydralisk x2  
  40  31:57  Hydralisk x2  
  48  32:08  Hydralisk x2  
  48  32:10  Overlord x2  
  52  32:19  Hydralisk  
  54  32:33  Hydralisk x2  
  54  32:34  Zergling x2  
  51  32:48  Zergling x10  
  54  33:02  Zergling x8  
  54  33:03  Zergling x12  
  57  33:24  Lurker  
  57  33:31  Zergling x4  
  57  33:32  Zergling x6  
  52  34:08  Hydralisk  
  52  34:09  Hydralisk x5  
  60  34:12  Hatchery  
  61  34:35  Hydralisk x2  
  61  34:36  Hydralisk x3  
  70  35:07  Drone x2  
  70  35:08  Drone x7  
  73  35:20  Lurker x2  
Show
View Real Time Build Order
Export as new Build Order

qqq Zerg 

Build Orders: Hatch First, Lurkers 

Get SALT Encoding   

  12  0:00  Drone  
  13  0:08  Drone  
  14  0:39  Hatchery  
  13  0:47  Drone  
  14  0:57  Spawning Pool  
  14  1:04  Overlord  
  13  1:12  Drone  
  13  1:14  Extractor  
  13  1:19  Drone  
  14  1:25  Drone  
  15  1:48  Drone x3  
  18  1:57  Drone  
  18  1:58  Queen  
  18  2:00  Queen  
  22  2:07  Drone  
  23  2:09  Drone  
  24  2:18  Drone  
  24  2:20  Drone  
  24  2:22  Overlord  
  26  2:28  Drone  
  27  2:35  Zergling x2  
  28  2:41  Zergling x2  
  28  2:43  Metabolic Boost  
  29  2:45  Zergling x2  
  29  2:46  Zergling x2  
  31  2:53  Zergling x2  
  32  3:01  Zergling x2  
  32  3:03  Overlord  
  33  3:06  Zergling x2  
  34  3:18  Zergling x4  
  34  3:19  Overlord  
  36  3:20  Overlord  
  36  3:24  Lair  
  36  3:29  Zergling x2  
  36  3:30  Zergling x2  
  38  3:49  Zergling x4  
  38  3:50  Zergling x4  
  42  4:08  Zergling x6  
  42  4:09  Drone x3  
  48  4:31  Overlord  
  47  4:32  Drone, Hatchery  
  47  4:33  Drone  
  48  4:48  Zergling x6  
  48  4:49  Drone x3  
  48  4:50  Hatchery  
  53  5:01  Spire  
  53  5:03  Drone  
  53  5:12  Drone  
  54  5:16  Extractor  
  54  5:17  Extractor x2  
  54  5:18  Drone x3  
  54  5:23  Drone x2  
  54  5:24  Drone  
  57  5:48  Drone  
  58  6:03  Overlord x6  
  58  6:05  Drone x4  
  58  6:07  Drone  
  63  6:13  Drone  
  63  6:14  Drone  
  63  6:18  Mutalisk  
  65  6:22  Drone  
  65  6:23  Drone  
  69  6:26  Drone  
  69  6:30  Mutalisk  
  69  6:32  Drone  
  73  6:54  Mutalisk  
  73  6:55  Mutalisk x5  
  73  6:57  Drone  
  73  6:59  Drone  
  87  7:02  Drone  
  87  7:03  Drone  
  89  7:10  Drone  
  89  7:11  Hydralisk Den  
  89  7:12  Drone x3  
  92  7:16  Zerg Flyer Weapons Level 1  
  92  7:25  Evolution Chamber  
  92  7:27  Evolution Chamber  
  90  7:31  Queen  
  90  7:33  Drone x5  
  90  7:34  Drone  
  98  7:39  Spine Crawler  
  97  7:48  Mutalisk x3  
  97  7:50  Drone x2, Mutalisk  
  107  7:52  Drone  
  107  7:53  Drone  
  107  7:55  Drone  
  107  7:57  Drone  
  107  7:58  Mutalisk  
  113  8:17  Drone x5, Lurker Den  
  117  8:21  Extractor  
  117  8:22  Extractor  
  117  8:26  Spine Crawler  
  114  8:28  Spine Crawler x2  
  114  8:29  Spore Crawler  
  114  8:30  Drone, Queen  
  114  8:32  Spine Crawler  
  113  8:38  Mutalisk x2  
  113  8:39  Zergling x12  
  113  8:40  Drone x2  
  113  8:41  Drone  
  126  8:50  Drone x2  
  126  8:54  Overlord x3  
  119  9:23  Mutalisk x5  
  108  9:35  Hydralisk x4  
  108  9:37  Drone x6  
  116  9:48  Drone x2, Mutalisk  
  116  9:49  Zergling x2  
  116  9:50  Zergling x2  
  122  10:15  Mutalisk x3  
  128  10:21  Zerg Missile Weapons Level 1  
  128  10:22  Zergling x6  
  128  10:24  Drone x6  
  128  10:25  Queen  
  139  10:32  Zergling x2  
  139  10:33  Zergling x2  
  139  10:35  Zerg Ground Armor Level 1  
  141  10:36  Drone x2  
  141  10:39  Extractor  
  141  10:40  Extractor  
  141  10:55  Hatchery  
  140  11:01  Drone x2, Queen  
  140  11:02  Hydralisk x2  
  148  11:05  Lurker  
  148  11:06  Lurker x2  
  151  11:12  Hatchery  
  150  11:18  Zergling x2  
  150  11:19  Zergling x2  
  150  11:20  Overlord x7  
  150  11:21  Overlord  
  150  11:24  Spine Crawler  
  136  11:43  Hydralisk x2  
  136  11:44  Hydralisk x4  
  146  11:55  Drone x3, Infestation Pit  
  148  12:03  Hydralisk x7  
  148  12:04  Hydralisk  
  164  12:14  Drone x2, Nydus Network  
  164  12:15  Mutalisk x3  
  171  12:39  Drone x8  
  171  12:41  Hydralisk x3  
  185  13:02  Hydralisk x7  
  185  13:04  Drone  
  192  13:31  Lurker  
  192  13:32  Lurker x5  
  198  13:35  Hive  
  198  13:36  Drone x2  
  200  13:42  Spine Crawler x2  
  200  13:43  Spine Crawler, Baneling Nest  
  196  13:52  Spine Crawler  
  196  13:53  Spine Crawler  
  194  13:56  Spine Crawler  
  194  14:00  Zerg Ground Armor Level 2, Zerg Missile Weapons Level 2  
  193  14:04  Muscular Augments  
  193  14:05  Hydralisk x2  
  193  14:06  Hydralisk  
  199  14:10  Drone  
  199  14:12  Overlord x2  
  199  14:13  Overlord  
  171  14:46  Lurker x6  
  171  14:47  Hydralisk x3  
  183  14:53  Ultralisk Cavern  
  182  15:05  Overseer  
  182  15:06  Lair  
  182  15:08  Hatchery, Overseer  
  182  15:09  Overseer x2  
  182  15:12  Overlord x5  
  182  15:13  Overlord  
  181  15:15  Grooved Spines  
  136  15:37  Hydralisk x3  
  136  15:38  Hydralisk x3  
  136  15:39  Zergling x4  
  136  15:40  Drone x3  
  136  15:41  Zergling x2  
  136  15:42  Zergling x10  
  118  16:05  Ultralisk  
  118  16:06  Mutalisk x4, Ultralisk  
  118  16:07  Drone  
  118  16:08  Drone x2  
  118  16:09  Ultralisk  
  118  16:10  Zergling x4  
  149  16:14  Greater Spire  
  149  16:16  Zerg Melee Weapons Level 1  
  149  16:21  Drone  
  149  16:24  Extractor, Spine Crawler, Drone x2  
  149  16:25  Drone x2, Spine Crawler, Extractor  
  150  16:41  Drone  
  150  16:44  Spine Crawler  
  150  16:45  Spine Crawler x2  
  150  16:46  Spine Crawler  
  150  16:47  Spine Crawler, Lurker x6  
  151  16:50  Zergling x2  
  151  16:51  Zergling x12  
  151  16:52  Zergling x4  
  161  16:56  Spine Crawler x3  
  161  16:59  Spine Crawler  
  159  17:12  Anabolic Synthesis  
  149  17:25  Lurker  
  149  17:26  Hydralisk x2  
  132  17:53  Hydralisk x4, Ultralisk x2  
  132  17:54  Zergling x4  
  132  17:55  Zergling x2, Chitinous Plating  
  149  18:04  Ultralisk x2  
  149  18:08  Seismic Spines  
  143  18:21  Hydralisk x5  
  143  18:22  Hydralisk  
  143  18:23  Drone x2  
  143  18:24  Drone x4  
  140  19:01  Ultralisk  
  140  19:02  Ultralisk x2  
  158  19:03  Zergling x12  
  158  19:04  Drone x4  
  158  19:05  Drone x2  
  158  19:07  Extractor  
  158  19:08  Extractor  
  168  19:22  Lurker x5  
  173  19:24  Zergling x6  
  173  19:25  Zergling x4  
  173  19:26  Zergling x4  
  173  19:27  Zergling x4  
  182  19:35  Hatchery  
  178  19:40  Hatchery  
  175  20:15  Overseer x4  
  175  20:16  Overlord x5  
  175  20:17  Overlord  
  175  20:18  Drone x3, Zergling x4  
  175  20:19  Zergling x8  
  184  20:32  Spore Crawler  
  181  20:43  Spine Crawler  
  179  20:50  Spore Crawler  
  172  21:12  Spore Crawler x2  
  164  21:30  Ultralisk x4  
  164  21:31  Mutalisk, Zergling x8  
  164  21:32  Mutalisk x4  
  195  21:33  Zergling x4  
  195  21:34  Drone  
  199  21:48  Zergling x6  
  190  22:06  Zerg Melee Weapons Level 2  
  190  22:07  Zerg Missile Weapons Level 3  
  172  22:29  Zergling x4, Ultralisk  
  129  22:30  Zergling x18  
  129  22:31  Drone x2  
  129  22:32  Drone  
  134  22:41  Spine Crawler  
  131  22:44  Hatchery  
  131  22:50  Overseer x2  
  124  22:55  Hatchery  
  123  23:00  Mutalisk  
  123  23:02  Zergling x4  
  123  23:03  Zergling x10  
  132  23:05  Drone  
  132  23:10  Spine Crawler, Spore Crawler  
  125  23:26  Hatchery  
  118  23:37  Zergling x14  
  125  23:45  Drone x2  
  125  23:46  Drone  
  128  23:50  Zergling x6  
  128  23:51  Zergling x12  
  113  24:17  Drone x2  
  113  24:22  Zerg Ground Armor Level 3  
  103  24:26  Spore Crawler  
  103  24:27  Drone x3  
  103  24:28  Spine Crawler x2  
  103  24:29  Zergling x10, Ultralisk  
  103  24:30  Zergling x12  
  113  25:05  Hydralisk x3  
  108  25:08  Drone, Zergling x10  
  108  25:09  Zergling x6  
  108  25:10  Drone x6  
  108  25:11  Drone x3  
  122  25:15  Extractor  
  122  25:20  Spore Crawler  
  122  25:21  Spine Crawler  
  122  25:22  Spine Crawler  
  122  25:23  Extractor, Spine Crawler, Spore Crawler  
  122  25:24  Hydralisk  
  122  25:25  Extractor  
  118  25:33  Drone x2  
  118  25:34  Drone x2  
  114  25:43  Zergling x6  
  114  25:44  Zergling x14  
  114  25:45  Zergling x2  
  110  26:03  Zergling x8  
  110  26:04  Drone, Zergling x2  
  105  26:05  Drone x2  
  90  26:46  Zergling x6  
  87  26:47  Zergling x4, Ultralisk  
  87  26:48  Zergling x12  
  85  27:03  Zergling x2  
  85  27:04  Zergling x6  
  87  27:28  Zergling x12  
  87  27:29  Zergling x2  
  90  27:34  Zergling x10  
  90  28:00  Mutalisk  
  86  28:08  Hydralisk  
  75  28:39  Hydralisk x2  
  71  28:55  Lurker  
  72  29:02  Zergling x4  
  69  29:03  Zergling x12  
  69  29:04  Zergling x2  
  67  29:34  Hatchery  
  67  29:37  Zergling x8  
  70  29:42  Hatchery  
  70  29:44  Extractor  
  68  29:46  Extractor  
  50  30:42  Overseer  
  50  31:13  Hatchery  
  50  31:17  Hydralisk  
  51  31:19  Drone x2  
  51  31:20  Drone x4  
  57  31:28  Extractor x2  
  57  31:32  Spine Crawler  
  54  31:43  Corruptor x2  
  54  31:45  Drone  
  54  31:46  Drone x3  
  59  32:08  Mutalisk x2  
  59  32:10  Zergling x4  
  59  32:11  Drone, Zergling x2  
  59  32:12  Drone x3  
  66  32:45  Extractor  
  66  32:48  Extractor  
  66  32:51  Ultralisk  
  69  32:52  Hydralisk x2, Zergling x2  
  69  32:53  Drone x4  
  72  33:17  Mutalisk x2  
  76  33:22  Zergling x4  
  76  33:23  Zergling x10  
  76  33:25  Mutalisk, Zergling x4  
  87  33:27  Hydralisk  
  84  33:41  Mutalisk  
  32  34:21  Hatchery  
  32  34:23  Ultralisk  
  35  34:54  Lurker  
Show
View Real Time Build Order
Export as new Build Order

Massa Terran 

Build Orders: 2 Factory 

Get SALT Encoding   

  12  0:00  SCV  
  13  0:12  SCV  
  14  0:23  Supply Depot  
  14  0:24  SCV  
  15  0:43  Refinery  
  15  0:45  SCV  
  15  0:46  Barracks  
  16  0:53  Refinery  
  17  0:57  SCV  
  17  1:09  SCV  
  18  1:21  SCV  
  19  1:33  SCV  
  19  1:34  Supply Depot  
  19  1:35  Reaper  
  21  1:43  Factory  
  21  1:50  Orbital Command  
  21  2:07  Marine  
  22  2:18  SCV  
  23  2:38  Command Center  
  23  2:40  Hellion  
  25  2:44  SCV  
  26  3:04  Factory  
  26  3:08  Hellion  
  26  3:12  Barracks  
  28  3:16  Barracks Reactor  
  28  3:24  SCV  
  29  3:30  Hellion  
  29  3:33  Supply Depot  
  31  3:35  Supply Depot  
  31  3:38  Supply Depot  
  31  3:49  SCV  
  31  3:51  Widow Mine  
  28  4:37  Orbital Command  
  28  4:38  SCV  
  27  4:49  Factory Tech Lab  
  27  4:50  SCV  
  28  5:02  SCV  
  28  5:06  Engineering Bay  
  29  5:07  Barracks Tech Lab  
  29  5:10  Starport  
  29  5:14  SCV, Command Center  
  29  5:17  Siege Tank  
  29  5:18  Marine x2  
  35  5:23  Barracks  
  35  5:27  SCV x2  
  37  5:32  Missile Turret  
  37  5:36  Marine x2, Missile Turret  
  37  5:39  SCV x2  
  41  5:48  Barracks  
  41  5:49  Medivac  
  43  5:51  SCV  
  43  5:52  Stimpack  
  43  5:53  Marauder  
  46  5:57  Missile Turret, Siege Tank  
  46  5:58  Marine x2  
  46  6:02  SCV  
  52  6:07  SCV, Missile Turret  
  53  6:14  SCV  
  53  6:15  Marauder  
  53  6:16  Marine x2  
  58  6:19  SCV  
  59  6:26  SCV  
  59  6:29  Refinery  
  59  6:31  SCV  
  59  6:32  Missile Turret  
  61  6:38  SCV  
  62  6:42  Factory Tech Lab  
  62  6:44  SCV  
  62  6:45  Marauder  
  62  6:46  Barracks Tech Lab  
  65  6:47  Barracks Tech Lab, Marine x2  
  65  6:49  Siege Tank  
  70  6:56  SCV x2  
  72  7:05  Marine x2  
  72  7:06  Marauder  
  76  7:08  SCV, Missile Turret  
  76  7:09  SCV  
  76  7:12  Marauder x2  
  76  7:15  Combat Shield  
  82  7:21  SCV x2, Terran Infantry Weapons Level 1  
  84  7:29  Missile Turret  
  84  7:32  Concussive Shells  
  84  7:33  SCV, Supply Depot  
  85  7:38  Supply Depot  
  85  7:39  Supply Depot  
  85  7:42  Supply Depot  
  85  7:45  Sensor Tower  
  85  7:48  Missile Turret  
  85  7:52  Orbital Command  
  85  7:55  SCV x2, Marauder, Medivac  
  85  7:56  Marine  
  92  8:07  SCV x2  
  94  8:19  SCV x2  
  96  8:25  Siege Tank  
  96  8:26  Siege Tank  
  102  8:28  SCV  
  102  8:31  SCV x2  
  105  8:35  Command Center  
  105  8:39  Command Center  
  105  8:40  SCV  
  106  8:43  SCV  
  106  8:46  Marauder x3  
  106  8:47  Marine x2  
  115  8:53  Refinery  
  115  9:05  Marine x2  
  115  9:07  Engineering Bay  
  115  9:09  Refinery  
  117  9:16  Refinery  
  117  9:31  Supply Depot  
  117  9:32  Supply Depot  
  117  9:33  Supply Depot  
  117  9:34  Terran Infantry Armor Level 1  
  117  9:39  Armory  
  117  9:41  Starport Reactor  
  117  9:47  Marauder x3, Marine x2  
  125  9:56  SCV x4  
  125  9:57  Supply Depot  
  125  9:58  Supply Depot  
  129  10:00  Supply Depot  
  129  10:06  Missile Turret  
  129  10:08  SCV x4, Marauder  
  129  10:09  Marauder x2  
  129  10:14  Marine x2  
  139  10:19  Barracks  
  139  10:20  SCV  
  139  10:21  Barracks, Supply Depot  
  142  10:22  Supply Depot  
  142  10:25  Supply Depot  
  142  10:26  Planetary Fortress  
  142  10:27  Missile Turret  
  142  10:28  SCV x2  
  142  10:29  SCV  
  142  10:30  Marauder x3  
  142  10:32  Marine  
  152  10:37  Missile Turret  
  152  10:39  Siege Tank x2  
  152  10:41  Terran Infantry Weapons Level 2  
  158  10:44  Terran Vehicle And Ship Armor Level 1  
  158  10:45  Supply Depot  
  158  10:47  Supply Depot  
  158  10:48  Supply Depot  
  158  10:49  SCV x4  
  162  10:51  Marauder  
  164  10:58  Marauder x2, Missile Turret  
  164  10:59  Marine x2  
  164  11:01  SCV x3  
  174  11:08  Barracks Tech Lab  
  174  11:09  Barracks Reactor  
  178  11:11  Widow Mine x2  
  178  11:13  Marauder  
  179  11:20  Marauder, Missile Turret  
  179  11:21  Refinery  
  179  11:22  Refinery, SCV x4  
  185  11:34  SCV x2  
  188  11:40  SCV x2  
  188  11:43  Missile Turret  
  188  11:44  Marauder x3, Marine  
  188  11:45  Marauder, Marine x2  
  200  11:57  Smart Servos, Drilling Claws  
  200  12:06  Supply Depot  
  200  12:08  Missile Turret  
  200  12:10  Missile Turret x2  
  200  12:13  Missile Turret  
  200  12:22  Command Center  
  200  12:30  Supply Depot  
  200  12:31  Supply Depot  
  200  12:33  Planetary Fortress  
  200  12:37  Refinery  
  200  12:38  Refinery  
  200  12:40  Terran Infantry Armor Level 2  
  200  12:42  Terran Vehicle And Ship Armor Level 2  
  200  12:48  Armory  
  200  12:51  Ghost Academy  
  186  13:21  Ghost Academy  
  186  13:22  Medivac x2  
  184  13:30  Thor x2  
  196  13:45  Marauder  
  196  13:46  Marauder  
  200  13:56  Planetary Fortress  
  200  14:00  Missile Turret  
  200  14:20  Missile Turret  
  197  14:41  Supply Depot  
  197  15:04  Supply Depot  
  158  15:17  Marauder  
  158  15:18  Marauder x3  
  158  15:19  Marine x4  
  160  15:22  Medivac x2  
  164  15:28  Supply Depot  
  164  15:36  Marine x2  
  164  15:37  Marine x2  
  164  15:39  Marauder x4  
  176  15:45  Terran Infantry Weapons Level 3, Terran Infantry Armor Level 3  
  176  15:52  Medivac x2  
  176  15:54  Marine x3  
  178  16:00  Marauder x3  
  178  16:01  Marauder  
  186  16:11  Starport  
  186  16:19  Refinery  
  186  16:22  Medivac x2  
  190  16:38  Personal Cloaking  
  190  16:39  Nuke  
  190  16:42  Terran Vehicle And Ship Armor Level 3, Terran Vehicle Weapons Level 1  
  190  16:50  Starport Tech Lab  
  190  16:52  Medivac  
  192  16:55  Infernal Pre-Igniter  
  192  16:57  Refinery, Mag-Field Accelerator  
  150  17:49  Marauder x4, Marine x4  
  150  17:50  Medivac x2  
  150  17:51  Medivac  
  136  17:53  Siege Tank x2  
  122  18:04  Nuke  
  119  18:07  Marine x4  
  119  18:10  Marauder x4  
  131  18:20  Medivac x2  
  131  18:22  Neosteel Armor, Hi-Sec Auto Tracking  
  131  18:24  Command Center  
  131  18:25  Siege Tank  
  131  18:26  Siege Tank  
  141  18:27  Supply Depot  
  141  18:28  Supply Depot  
  141  18:31  Marauder, Supply Depot  
  141  18:32  Marauder x3  
  149  18:34  Marine x2  
  149  18:35  Marine x2  
  149  18:36  Terran Ship Weapons Level 1  
  153  18:45  Factory  
  153  18:46  Factory  
  151  18:51  Supply Depot  
  151  18:52  Marine x4  
  151  18:53  Marauder x4  
  163  18:57  Siege Tank  
  163  18:58  Siege Tank  
  169  19:10  Marine x3  
  169  19:14  Marauder  
  169  19:15  Marauder x3  
  180  19:29  Thor x2  
  192  19:36  Marauder x3  
  168  20:12  Thor x2  
  169  20:18  Marauder x4  
  169  20:19  Marine x4  
  158  20:25  Command Center  
  158  20:33  Supply Depot  
  158  20:37  Marine x4  
  158  20:39  Factory Tech Lab x2, Marauder  
  158  20:40  Marauder x3  
  170  20:47  Medivac  
  170  20:48  Medivac x2  
  172  20:55  Thor x2  
  179  21:00  Ghost x3  
  179  21:01  Marauder  
  183  21:17  Medivac  
  183  21:18  Medivac  
  187  21:30  Medivac  
  189  21:38  Thor  
  195  21:47  Medivac  
  195  21:48  Medivac  
  191  23:03  Marauder x2, Marine  
  191  23:04  Marauder x2  
  87  23:28  Marauder x3  
  87  23:29  Marauder  
  87  23:31  Marine x2  
  97  23:34  Thor  
  97  23:35  Thor x3  
  97  23:37  Marine x2  
  97  23:40  Medivac x2  
  97  23:41  Medivac  
  129  23:49  Marine x2  
  129  23:50  Marauder x4  
  129  23:55  Marine x2  
  141  23:56  Command Center  
  141  24:07  Marine  
  141  24:08  Terran Vehicle Weapons Level 2  
  141  24:09  Terran Ship Weapons Level 2  
  142  24:10  Viking x2  
  142  24:11  Marauder x4, Viking  
  156  24:17  Thor x2  
  156  24:18  Thor x2  
  156  24:20  Supply Depot  
  178  24:32  Marauder x2  
  178  24:33  Marauder x2  
  178  24:38  Marine x4  
  186  24:40  Medivac x2  
  194  24:53  Ghost x2  
  194  24:54  Marauder  
  185  25:15  Marauder  
  137  25:35  Marauder x3, Marine  
  143  25:36  Marauder, Marine x3  
  147  25:53  Marine x2  
  147  25:54  Marine x2  
  147  25:56  Marauder  
  157  25:57  Marauder x2  
  157  25:58  Marauder  
  144  26:11  Marine x3  
  144  26:12  Marine  
  144  26:18  Marauder x3  
  141  26:19  Marauder  
  141  26:23  Thor x4  
  167  26:29  Marine x3  
  170  26:39  Marauder  
  174  26:40  Marauder x2  
  174  26:41  Marauder  
  174  26:45  Marine  
  155  26:47  Marine x3  
  152  27:01  Marauder x3  
  156  27:02  Marauder  
  156  27:03  Marine  
  156  27:04  Marine  
  156  27:05  Marine x2  
  156  27:06  Siege Tank x3  
  171  27:21  Marine  
  171  27:22  Marauder x3, Marine  
  163  27:23  Marauder  
  163  27:25  Marine x2  
  150  27:39  Marine  
  150  27:40  Marine  
  150  27:43  Marauder, Marine x2  
  150  27:44  Marauder x2  
  160  27:45  Marauder  
  162  27:57  Marine  
  162  27:58  Marine  
  163  28:00  Marine  
  163  28:01  Marine  
  163  28:05  Marauder x3  
  172  28:06  Marauder  
  174  28:26  Marauder x3  
  179  28:28  Marauder  
  174  28:41  Marine x2  
  165  28:48  Marauder x3  
  172  28:49  Marauder  
  172  28:55  Marine  
  167  29:09  Marauder x3  
  123  29:25  Marine  
  124  29:46  Marine  
  125  29:58  Marine  
  125  29:59  Marauder x4, Marine x2  
  100  31:13  Orbital Command  
  87  31:44  Marauder, Marine  
  87  31:45  Marauder x3, Marine  
  71  33:19  Marauder x2  
  79  33:20  Marauder x2, Marine x2  
  39  34:06  Liberator  
  39  34:08  Liberator  
  45  34:32  Siege Tank  
Tags
 
Add a new tag
Caveats
  • Supply blocks, unpowered buildings, or Contaminate may cause inaccurate times.
  • Supply counts are checked every 10 seconds.